 Dungeon Crawl Stone Soup version 0.22-a0-617-g6d95e9e (webtiles) character file.

386 Hebeh the Magician (level 6, -2/32 HPs)
             Began as a Deep Elf Fire Elementalist on July 13, 2018.
             Slain by a hobgoblin
             ... wielding a +0 club
              (5 damage)
             ... on level 3 of the Dungeon.
             The game lasted 00:13:11 (4338 turns).

Hebeh the Magician (Deep Elf Fire Elementalist)     Turns: 4338, Time: 00:13:12

Health: -2/32      AC:  2    Str:  5    XL:     6   Next: 48%
Magic:  1/15       EV: 13    Int: 22    God:
Gold:   160        SH:  0    Dex: 15    Spells: 6/15 levels left

rFire    . . .     SeeInvis .   b - +1 hunting sling
rCold    . . .     Gourm    .   (no shield)
rNeg     . . .     Faith    .   h - +0 robe
rPois    .         Spirit   .   (no helmet)
rElec    .         Reflect  .   (no cloak)
rCorr    .         Harm     .   (no gloves)
MR       .....                  (no boots)
Stlth    ++........             (no amulet)
HPRegen  0.10/turn              (no ring)
MPRegen  0.14/turn              (no ring)

@: no status effects
A: no striking features
a: no special abilities


You were on level 3 of the Dungeon.
You were hungry.

You visited 1 branch of the dungeon, and saw 3 of its levels.
You also visited: Sewer.

You collected 160 gold pieces.

Inventory:

Hand Weapons
 a - a +0 mace of protection
 b - a +1 hunting sling (weapon)
Missiles
 d - 83 stones (quivered)
Armour
 h - a +0 robe (worn)
Jewellery
 m - an uncursed ring of magical power {unknown}
Wands
 e - a wand of scattershot (9)
Scrolls
 f - a scroll of magic mapping {unknown}
 g - a scroll of fog {unknown}
 i - a scroll of identify
 j - a scroll of teleportation
 p - 2 scrolls of enchant armour {unknown}
Potions
 k - 2 potions of brilliance
 l - a potion of heal wounds {unknown}
 n - a potion of curing {unknown}
 o - 5 potions of flight {unknown}
Comestibles
 c - 5 rations


   Skills:
 - Level 2.4 Dodging
 - Level 2.4 Stealth
 + Level 5.3 Spellcasting
 * Level 5.2 Conjurations
 + Level 4.9 Fire Magic


You had 6 spell levels left.
You knew the following spells:

 Your Spells              Type           Power        Failure   Level  Hunger
a - Flame Tongue          Conj/Fire      ####.        1%          1    None
b - Throw Flame           Conj/Fire      ####..       1%          2    None
c - Conjure Flame         Conj/Fire      ####....     3%          3    ##.....
d - Inner Flame           Hex/Fire       ###.....     11%         3    ##.....

Your spell library contained the following spells:

 Spells                   Type           Power        Failure   Level  Hunger
 Fireball                 Conj/Fire      ####......   34%         5    #####..
 Sticky Flame             Conj/Fire      ####....     12%         4    ####...


Dungeon Overview and Level Annotations

Branches:
Dungeon (3/15)

Altars:


Message History

The hobgoblin misses you.
You see here 2 stones.
Casting: Flame Tongue (safe; 1% risk of failure)
Confirm with . or Enter, or press ? or * to list all spells.
Aiming: Flame Tongue (safe; 1% risk of failure)
Press: ? - help, Shift-Dir - straight line, f - hobgoblin
Aim: a hobgoblin, wielding a club The flame tongue hits the hobgoblin.
The hobgoblin is moderately wounded.
The hobgoblin hits you with a club.
* * * LOW HITPOINT WARNING * * *
Casting: Flame Tongue (safe; 1% risk of failure)
Confirm with . or Enter, or press ? or * to list all spells.
Aiming: Flame Tongue (safe; 1% risk of failure)
Press: ? - help, Shift-Dir - straight line, f/p - hobgoblin
Aim: a hobgoblin, wielding a club (moderately wounded)
The flame tongue hits the hobgoblin.
The hobgoblin appears unharmed.
The hobgoblin is moderately wounded.
The hobgoblin hits you with a club.
You die...

......... #.......
...........#.....# #.......
.................# #.......
........# #......# #.######
..#####.# #......# #.## #.#...#.#
#......# #....# #.......#
#....=.# #+####....## ###...###
#.....# #.##.......## #...#
#....@####....#...#..# #...#
###+#.g.......≈≈≈≈≈...
#...########.#.g.....#≈≈≈≈≈≈≈#.
###...##.......#........≈≈≈≈≈≈≈≈.
...............#....(((.≈†≈.≈≈≈..
..............##.......≈≈≈≈≈≈≈≈≈.
..............########.#≈≈≈≈≈≈≈#.
..............# #...≈≈≈≈≈...
..............# ##..#...#...


You could see a gnoll and a hobgoblin.

Vanquished Creatures
  Sigmund (D:3)
  11 gnolls
  4 adders
  An ooze (Sewer)
  3 worms
  A dart slug (D:1)
  2 leopard geckos (Sewer)
  An orc (D:3)
  A ball python (D:1)
  8 giant cockroaches
  6 hobgoblins
  7 jackals
  A quokka (D:3)
  8 bats
  5 frilled lizards
  4 goblins
  4 kobolds
  5 rats
73 creatures vanquished.

Notes
Turn   | Place    | Note
-------+----------+-------------------------------------------
     0 | D:1      | Hebeh the Deep Elf Fire Elementalist began the quest for the Orb.
     0 | D:1      | Reached XP level 1. HP: 10/10 MP: 6/6
   731 | D:1      | Reached XP level 2. HP: 15/15 MP: 4/8
  1705 | D:2      | Reached XP level 3. HP: 15/19 MP: 7/10
  1993 | D:2      | Learned a level 2 spell: Throw Flame
  1997 | D:2      | Learned a level 3 spell: Conjure Flame
  2001 | D:2      | Learned a level 3 spell: Inner Flame
  2214 | D:2      | Reached XP level 4. HP: 24/24 MP: 11/11
  2941 | D:2      | Reached XP level 5. HP: 19/28 MP: 6/13
  3440 | D:3      | Noticed Sigmund
  3457 | D:3      | Killed Sigmund
  3457 | D:3      | Reached skill level 5 in Spellcasting
  3457 | D:3      | Reached XP level 6. HP: 23/32 MP: 4/15
  3589 | D:3      | Found a glowing drain.
  3639 | Sewer    | Entered a sewer
  3646 | Sewer    | Reached skill level 5 in Conjurations
  4338 | D:3      | Slain by a hobgoblin

Vault maps used:
D:1:      shiori_angband_town, minmay_parallelograms
D:3:      cheibrodos_helix_gallery, first_ration, cheibrodos_sewer_entry_drain,
          uniq_sigmund
Sewer:    sewer_fruit_machine

Skill      XL: |  1  2  3  4  5  6 |
---------------+-------------------+-----
Conjurations   | 2 3 4 5 |  5.2
Fire Magic     | 4 |  4.9
Spellcasting   | 4 5 |  5.3
Dodging        | |  2.4
Stealth        | |  2.4

Action                   |  1- 3 |  4- 6 || total
-------------------------+-------+-------++-------
Melee: Mace              |       |     8 ||     8
 Fire: Hunting sling     |    22 |    53 ||    75
Throw: Stone             |    11 |       ||    11
 Cast: Flame Tongue      |    45 |    76 ||   121
       Conjure Flame     |       |     4 ||     4
       Throw Flame       |       |     7 ||     7
  Use: Scroll            |       |     6 ||     6
  Eat: Chunk             |     4 |     6 ||    10
Armor: Robe              |       |     6 ||     6
Dodge: Dodged            |     7 |    27 ||    34

Table legend:
 A = Spawn XP
 B = Non-spawn XP
 C = Spawn XP percentage of total XP
 D = Spawn monster count
 E = Non-spawn monster count
 F = Spawn count percentage of total count
 G = Total turns spent on level
                    A         B        C        D         E        F      G
               +---------+---------+-------+---------+---------+-------+---------
         Total |       0 |     552 |   0.0 |       0 |      73 |   0.0 |  4338
               +---------+---------+-------+---------+---------+-------+---------
           D:1 |       0 |      23 |   0.0 |       0 |      14 |   0.0 |  1310
           D:2 |       0 |     173 |   0.0 |       0 |      26 |   0.0 |  1953
           D:3 |       0 |     311 |   0.0 |       0 |      18 |   0.0 |   513
         Sewer |       0 |      45 |   0.0 |       0 |      15 |   0.0 |   562
               +---------+---------+-------+---------+---------+-------+---------
